 Dungeon Crawl Stone Soup version 0.22-a0-579-gb62a27e (webtiles) character file.

174 Lianjan the Grasshopper (level 5, -4/43 HPs)
             Began as a Gnoll Warper on July 1, 2018.
             Slain by Terence
             ... wielding a +0 trident
              (8 damage)
             ... on level 2 of the Dungeon.
             The game lasted 00:01:36 (1004 turns).

Lianjan the Grasshopper (Gnoll Warper)              Turns: 1004, Time: 00:01:36

Health: -4/43      AC:  3    Str: 14    XL:     5   Next: 54%
Magic:  12/12      EV: 14    Int: 16    God:
Gold:   57         SH:  0    Dex: 14    Spells: 10/14 levels left

rFire    . . .     SeeInvis .   a - +0 falchion
rCold    . . .     Gourm    .   (no shield)
rNeg     . . .     Faith    .   b - +0 leather armour
rPois    .         Spirit   .   (no helmet)
rElec    .         Reflect  .   (no cloak)
rCorr    .         Harm     .   (no gloves)
MR       .....                  (no boots)
Stlth    ++........             (no amulet)
HPRegen  0.14/turn              (no ring)
MPRegen  0.13/turn              (no ring)

@: no status effects
A: distributed training, fangs 1, strong nose
a: no special abilities


You were on level 2 of the Dungeon.
You were not hungry.

You visited 1 branch of the dungeon, and saw 2 of its levels.

You collected 57 gold pieces.

Inventory:

Hand Weapons
 a - a +0 falchion (weapon)
Missiles
 e - 5 tomahawks of dispersal (quivered)
 h - 38 arrows
 i - 9 poisoned needles
 m - 13 sling bullets
 o - 26 bolts
Armour
 b - a +0 leather armour (worn)
Jewellery
 c - an uncursed ring of protection from fire {unknown}
Scrolls
 d - a scroll of blinking
 j - a scroll of amnesia {unknown}
 k - a scroll of teleportation {unknown}
 l - a scroll of remove curse {unknown}
Potions
 g - a potion of invisibility {unknown}
 p - a potion of haste {unknown}
 q - a potion of curing {unknown}
Comestibles
 f - 2 rations


   Skills:
 + Level 4.8 Fighting
 + Level 1.5 Short Blades
 + Level 4.8 Long Blades
 + Level 1.5 Axes
 + Level 1.5 Maces & Flails
 + Level 1.5 Polearms
 + Level 1.5 Staves
 + Level 1.5 Slings
 + Level 1.5 Bows
 + Level 1.5 Crossbows
 + Level 3.0 Throwing
 + Level 3.0 Armour
 + Level 4.8 Dodging
 + Level 1.5 Stealth
 + Level 1.5 Shields
 + Level 1.5 Unarmed Combat
 + Level 5.2 Spellcasting
 + Level 1.2 Conjurations
 + Level 1.2 Hexes
 + Level 1.2 Charms
 + Level 1.2 Summonings
 + Level 1.2 Necromancy
 + Level 5.5 Translocations
 + Level 1.2 Transmutations
 + Level 1.2 Fire Magic
 + Level 1.2 Ice Magic
 + Level 1.2 Air Magic
 + Level 1.2 Earth Magic
 + Level 1.2 Poison Magic
 + Level 1.7 Invocations
 + Level 1.5 Evocations


You had 10 spell levels left.
You knew the following spells:

 Your Spells              Type           Power        Failure   Level  Hunger
a - Shroud of Golubria    Chrm/Tloc      ###.......   7%          2    #......
b - Blink                 Tloc           N/A          2%          2    #......

Your spell library contained the following spells:

 Spells                   Type           Power        Failure   Level  Hunger
 Teleport Other           Tloc           ###.....     5%          3    ###....
 Passage of Golubria      Tloc           N/A          19%         4    ####...
 Gell's Gravitas          Tloc           ###.......   5%          3    ###....
 Lesser Beckoning         Tloc           ###.......   5%          3    ###....


Dungeon Overview and Level Annotations

Branches:
Dungeon (2/15)

Altars:

Annotations:
D:2 Terence


Innate Abilities, Weirdness & Mutations

Your experience applies equally to all skills.
You have very sharp teeth.
Your uncanny sense of smell can sniff out nearby items.


Message History

Terence hits you with a trident.
* * * LOW HITPOINT WARNING * * *
You hit Terence but do no damage.
Terence is almost dead.
Terence hits you with a trident.
* * * LOW HITPOINT WARNING * * *
You closely miss Terence. You bite Terence, but do no damage.
Terence is almost dead.
Terence closely misses you.
You hit Terence but do no damage.
Terence is almost dead.
Terence closely misses you.
You closely miss Terence.
Terence is almost dead.
Terence hits you with a trident.
* * * LOW HITPOINT WARNING * * *
You hit Terence but do no damage.
Terence is almost dead.
Terence hits you with a trident!
You die...

∆ #########
.......
#....# #....#
# #....##.#
#.......#
#....####.#
#@#.......#
#@#@######.
###.#
#....).......
#.###.######.
#.# ..# ###


You could see Terence.

Vanquished Creatures
  Sigmund (D:2)
  A leopard gecko (D:1)
  A giant cockroach (D:1)
  3 goblins (D:1)
  2 hobgoblins (D:1)
  A quokka (D:2)
  A ball python (D:1)
  3 bats
13 creatures vanquished.

Notes
Turn   | Place    | Note
-------+----------+-------------------------------------------
     0 | D:1      | Lianjan the Gnoll Warper began the quest for the Orb.
     0 | D:1      | Reached XP level 1. HP: 20/20 MP: 6/6
   378 | D:1      | Reached XP level 2. HP: 25/26 MP: 7/7
   405 | D:1      | Learned a level 2 spell: Shroud of Golubria
   408 | D:1      | Learned a level 2 spell: Blink
   696 | D:2      | Noticed Sigmund
   701 | D:2      | Noticed Terence
   711 | D:2      | Killed Sigmund
   711 | D:2      | Reached skill level 1 in Short Blades
   711 | D:2      | Reached skill level 1 in Axes
   711 | D:2      | Reached skill level 1 in Maces & Flails
   711 | D:2      | Reached skill level 1 in Polearms
   711 | D:2      | Reached skill level 1 in Staves
   711 | D:2      | Reached skill level 1 in Slings
   711 | D:2      | Reached skill level 1 in Bows
   711 | D:2      | Reached skill level 1 in Crossbows
   711 | D:2      | Reached skill level 1 in Stealth
   711 | D:2      | Reached skill level 1 in Shields
   711 | D:2      | Reached skill level 1 in Unarmed Combat
   711 | D:2      | Reached skill level 5 in Spellcasting
   711 | D:2      | Reached skill level 1 in Conjurations
   711 | D:2      | Reached skill level 1 in Hexes
   711 | D:2      | Reached skill level 1 in Charms
   711 | D:2      | Reached skill level 1 in Summonings
   711 | D:2      | Reached skill level 1 in Necromancy
   711 | D:2      | Reached skill level 1 in Transmutations
   711 | D:2      | Reached skill level 1 in Fire Magic
   711 | D:2      | Reached skill level 1 in Ice Magic
   711 | D:2      | Reached skill level 1 in Air Magic
   711 | D:2      | Reached skill level 1 in Earth Magic
   711 | D:2      | Reached skill level 1 in Poison Magic
   711 | D:2      | Reached skill level 1 in Invocations
   711 | D:2      | Reached skill level 1 in Evocations
   711 | D:2      | Reached XP level 3. HP: 6/32 MP: 4/9
   711 | D:2      | Reached XP level 4. HP: 8/38 MP: 4/11
   711 | D:2      | Reached XP level 5. HP: 9/43 MP: 4/12
  1004 | D:2      | Slain by Terence

Vault maps used:
D:1:      shiori_arrival_maze, minivault_4
D:2:      marbit_many_paths, uniq_sigmund, uniq_terence

Skill      XL: |  1  2 |
---------------+-------+-----
Short Blades   | 1 |  1.5
Axes           | 1 |  1.5
Maces & Flails | 1 |  1.5
Polearms       | 1 |  1.5
Staves         | 1 |  1.5
Slings         | 1 |  1.5
Bows           | 1 |  1.5
Crossbows      | 1 |  1.5
Throwing       | 3 |  3.0
Armour         | 3 |  3.0
Stealth        | 1 |  1.5
Shields        | 1 |  1.5
Unarmed Combat | 1 |  1.5
Spellcasting   | 5 |  5.2
Conjurations   | 1 |  1.2
Hexes          | 1 |  1.2
Charms         | 1 |  1.2
Summonings     | 1 |  1.2
Necromancy     | 1 |  1.2
Transmutations | 1 |  1.2
Fire Magic     | 1 |  1.2
Ice Magic      | 1 |  1.2
Air Magic      | 1 |  1.2
Earth Magic    | 1 |  1.2
Poison Magic   | 1 |  1.2
Invocations    | 1 |  1.7
Evocations     | 1 |  1.5
Fighting       | |  4.8
Long Blades    | |  4.8
Dodging        | |  4.8
Translocations | |  5.5

Action                   |  1- 3 |  4- 6 || total
-------------------------+-------+-------++-------
Melee: Falchion          |    46 |    21 ||    67
       Bite              |     5 |     3 ||     8
 Cast: Shroud of Golubri |     1 |     1 ||     2
Armor: Leather armour    |    13 |     1 ||    14
Dodge: Dodged            |    49 |     9 ||    58
       Rpst.: Falchion   |    16 |       ||    16

Table legend:
 A = Spawn XP
 B = Non-spawn XP
 C = Spawn XP percentage of total XP
 D = Spawn monster count
 E = Non-spawn monster count
 F = Spawn count percentage of total count
 G = Total turns spent on level
                    A         B        C        D         E        F      G
               +---------+---------+-------+---------+---------+-------+---------
         Total |       0 |     249 |   0.0 |       0 |      13 |   0.0 |  1004
               +---------+---------+-------+---------+---------+-------+---------
           D:1 |       0 |      16 |   0.0 |       0 |       9 |   0.0 |   870
           D:2 |       0 |     233 |   0.0 |       0 |       4 |   0.0 |   134
               +---------+---------+-------+---------+---------+-------+---------
